 Dungeon Crawl Stone Soup version 0.18.1-8-gdd0e5ea (webtiles) character file.

17027 mrath the Thaumaturge (level 12, 0/70 HPs)
             Began as a Gargoyle Earth Elementalist on May 29, 2016.
             Was a High Priest of Vehumet.
             Slain by a death yak (17 damage)
             ... in an ice cave.
             The game lasted 01:42:18 (16152 turns).

mrath the Thaumaturge (GrEE)                       Turns: 16152, Time: 01:42:19

Health: 0/70       AC: 16    Str: 12    XL:     12   Next: 43%
Magic:  35/35      EV: 10    Int: 21    God:    Vehumet [*****.]
Gold:   461        SH:  7    Dex: 15    Spells: 4 memorised, 21 levels left

rFire  . . .     SeeInvis .     J - staff of energy
rCold  . . .     Gourm    .     y - +0 leather armour (curse)
rNeg   + . .     Faith    .     Z - +2 buckler
rPois  ∞         Spirit   .     (no helmet)
rElec  +         Dismiss  .     f - +2 cloak {+Inv}
rCorr  .         Reflect  .     (no gloves)
SustAt .         Harm     .     (no boots)
MR     .....                    m - amulet of magic regeneration
Stlth  ++........               W - ring of magical power
                                j - +5 ring of dexterity

@: not resistant to hostile enchantments, unstealthy
A: negative energy resistance 1, electricity resistance, unbreathing,
petrification resistance, rot immunity, AC +8
a: Renounce Religion, Evoke Invisibility


You were in an ice cave.
You worshipped Vehumet.
Vehumet was extremely pleased with you.
You were not hungry.

You visited 2 branches of the dungeon, and saw 12 of its levels.
You also visited: Ice Cave.

You collected 513 gold pieces.
You spent 52 gold pieces at shops.

Inventory:

Hand Weapons
 o - a +0 hunting sling
 u - a +2 dagger of venom
 v - a +0 flail of holy wrath
Missiles
 k - 8 tomahawks (quivered)
 t - 127 sling bullets
 w - a stone
 Y - 2 javelins of returning
Armour
 e - a +2 robe of magic resistance
 f - a +2 cloak of invisibility (worn)
 y - a cursed +0 leather armour (worn)
 I - a +0 pearl dragon armour
 Q - a +0 robe of positive energy
 Z - a +2 buckler (worn)
Magical Staves
 J - an uncursed staff of energy (weapon)
Jewellery
 j - a +5 ring of dexterity (left hand)
 m - an amulet of magic regeneration (around neck)
 S - an uncursed ring of wizardry
 W - a ring of magical power (right hand)
Wands
 T - a wand of paralysis (5/24)
 X - a wand of confusion (16/48)
Scrolls
 g - 4 scrolls of identify
 l - 9 scrolls of teleportation
 p - 2 scrolls of amnesia
 q - 2 scrolls of recharging
 E - 3 scrolls of fog
 N - 2 scrolls of enchant armour
 O - 4 scrolls of remove curse
 R - 2 scrolls of enchant weapon {unknown}
 V - 2 scrolls of fear {unknown}
Potions
 a - 4 potions of brilliance
 h - 4 potions of flight
 i - 2 potions of agility
 x - a potion of lignification
 z - a potion of mutation {unknown}
 C - a potion of cure mutation {unknown}
 F - 7 potions of curing
 G - 5 potions of heal wounds
 H - a potion of haste {unknown}
 K - a potion of experience {unknown}
 M - a potion of cancellation {unknown}
 U - a potion of resistance {unknown}
Books
 b - a book of Summonings

   Spells                             Type                      Level
   a - Recall                         Summoning/Translocation      3
   b - Aura of Abjuration             Summoning                    5
   c - Summon Demon                   Summoning                    5
   d - Summon Forest                  Summoning/Translocation      5
   e - Summon Mana Viper              Hexes/Summoning              5
   f - Shadow Creatures               Summoning                    6
 c - a book of Geomancy

   Spells                             Type                      Level
   a - Sandblast                      Earth                        1
   b - Passwall                       Transmutation/Earth          2
   c - Stone Arrow                    Conjuration/Earth            3
   d - Petrify                        Transmutation/Earth          4
   e - Lee's Rapid Deconstruction     Earth                        5
Miscellaneous
 r - a fan of gales
 B - a plain deck of changes
Comestibles
 d - 11 bread rations
 s - 5 meat rations
 A - a royal jelly
 D - 5 fruits
 L - a beef jerky
 P - a slice of pizza


   Skills:
 + Level 6.2 Fighting
 + Level 6.7 Armour
 + Level 5.6 Dodging
 - Level 2.1 Stealth
 + Level 5.4 Shields
 * Level 10.2 Spellcasting
 + Level 7.6 Conjurations
   Level 0.7 Transmutations
 + Level 9.9 Earth Magic
 + Level 5.6 Evocations


You had 21 spell levels left.
You knew the following spells:

 Your Spells              Type           Power        Failure   Level  Hunger
a - Sandblast             Erth           ######       1%          1    None
b - Stone Arrow           Conj/Erth      #####.       1%          3    None
c - Lee's Rapid Deconstr  Erth           ######....   1%          5    None
d - Sting                 Conj/Pois      ####         1%          1    None


Dungeon Overview and Level Annotations

Branches:
Dungeon (11/15)            Temple (1/1) D:6            Lair (0/8) D:11
    Orc (0/2) D:10

Altars:
Ashenzari
Cheibriados
Dithmenos
Elyvilon
Fedhas
Gozag
Kikubaaqudgha
Makhleb
Nemelex Xobeh
Okawaru
Pakellas
Qazlal
Ru
Sif Muna
Trog
Vehumet
Xom
Yredelemnul
Zin
The Shining One

Shops:
D:10 ?   D:11 }

Annotations:
D:4 Edmund, Natasha


Innate Abilities, Weirdness & Mutations

You are resistant to torment.
Your stone body is resilient (AC +8).
You are immune to poison.
You resist negative energy.
You are resistant to electric shocks.
You can survive without breathing.
You are immune to petrification.
You are immune to rotting.


Message History

All of the chunks of flesh in your inventory have rotted away.
A yak comes into view.
You see here a mace.
There is a fountain of clear blue water here.
You block the death yak's attack.
The death yak snorts and paws the ground.
The death yak gores you!
You are engulfed in freezing vapours.
The death yak is engulfed in freezing vapours.
The death yak is engulfed in freezing vapours.
The death yak gores you!
Really walk into that cloud of freezing vapour?
You are engulfed in freezing vapours.
* * * LOW HITPOINT WARNING * * *
The death yak is engulfed in freezing vapours.
The death yak snorts and paws the ground.
There is an ice choked empty arch of ancient stone here.
There is an ice covered gate leading back out of this place here.
The death yak gores you!
You die...

#.########
##.##
.#....#
#..##
#####.###
##...#
.....#..#
#...##
.#.##..###
##...#
≈#####...##
#...# ≈###
###..#
#.∩.#
#..####..##
##.Y##
#.#.#Y..##
#.@.#
.##..#.##
##..#
########
####


You could see a death yak.

Vanquished Creatures
  The ghost of mrath the Thaumaturge, a novice GrEE of Vehumet (D:8)
  The ghost of Nanban the Ducker, a novice DrFi (D:7)
  Pikel (D:5)
  An ice statue (IceCv)
  The ghost of Rationalist the Skirmisher, a novice MiBe of Trog (D:6)
  Joseph (D:8)
  A merfolk (D:10)
  A troll (D:10)
  10 polar bears (IceCv)
  Prince Ribbit (D:9)
  A two-headed ogre (D:9)
  27 yaks
  Sigmund (D:4)
  A shadow (D:9)
  A hippogriff (D:9)
  2 ice beasts
  2 sky beasts
  A slave (D:6)
  4 orc warriors
  5 necrophages (D:8)
  11 wolves
  5 phantoms
  10 ogres
  3 crocodiles
  10 centaurs
  3 big kobolds
  6 giant frogs
  A wyvern zombie (D:8)
  A scorpion (D:3)
  10 killer bees
  2 wights (D:8)
  2 howler monkeys
  4 crimson imps
  A giant frog zombie (D:7)
  A centaur zombie (D:9)
  5 hounds
  13 orc priests
  A wyvern simulacrum (D:11)
  2 jellies
  13 orc wizards
  A giant frog skeleton (D:3)
  Natasha (twice) (D:4)
  Ijyb (D:2)
  An iguana (D:8)
  5 worker ants
  2 killer bee zombies (D:7)
  4 worker ant zombies
  13 adders
  3 river rats (D:11)
  4 shadow imps
  An ufetubus (D:11)
  An ooze (D:1)
  An adder zombie (D:8)
  3 adder skeletons
  3 worms (D:2)
  A dart slug (D:2)
  3 giant geckos
  59 orcs
  20 bats
  5 giant cockroaches
  8 goblins
  8 hobgoblins
  8 jackals
  6 quokkas
  A ball python (D:3)
  A ball python skeleton (D:4)
  8 giant newts
  A jackal skeleton (D:7)
  21 kobolds
  A quokka skeleton (D:4)
  15 rats
379 creatures vanquished.

Vanquished Creatures (others)
  2 slaves (D:6)
  Blork the orc (D:6)
  An orc wizard (D:6)
  3 fungi (D:11)
  A plant (D:11)
8 creatures vanquished.

Grand Total: 387 creatures vanquished

Notes
Turn   | Place    | Note
--------------------------------------------------------------
     0 | D:1      | mrath the Gargoyle Earth Elementalist began the quest for the Orb.
     0 | D:1      | Reached XP level 1. HP: 10/10 MP: 3/3
   204 | D:1      | Reached XP level 2. HP: 15/15 MP: 5/5
  1078 | D:1      | Reached XP level 3. HP: 19/19 MP: 5/7
  1193 | D:1      | Learned a level 3 spell: Stone Arrow
  1426 | D:2      | Reached skill level 3 in Spellcasting
  1858 | D:2      | Noticed Ijyb
  1871 | D:2      | Paralysed by Ijyb for 4 turns
  1884 | D:2      | Killed Ijyb
  1884 | D:2      | Reached XP level 4. HP: 23/24 MP: 2/9
  2037 | D:2      | Reached skill level 1 in Conjurations
  2325 | D:3      | Found a glowing silver altar of Zin.
  2445 | D:3      | Found a sacrificial altar of Ru.
  2592 | D:3      | Reached XP level 5. HP: 28/28 MP: 7/10
  2977 | D:3      | Reached skill level 4 in Spellcasting
  2977 | D:3      | Reached skill level 5 in Earth Magic
  3301 | D:4      | Noticed an ogre
  3343 | D:4      | Noticed a centaur
  3566 | D:4      | Found an oddly glowing altar of Pakellas.
  3777 | D:4      | Killed an ogre
  3777 | D:4      | Reached XP level 6. HP: 32/32 MP: 1/12
  3925 | D:4      | Noticed Sigmund
  3938 | D:4      | Noticed a phantom
  3955 | D:4      | Killed a phantom
  3993 | D:4      | Reached skill level 5 in Spellcasting
  3993 | D:4      | Reached XP level 7. HP: 36/36 MP: 0/14
  4471 | D:4      | Noticed Natasha
  4545 | D:4      | Killed Natasha
  4554 | D:4      | Noticed Edmund
  4621 | D:4      | Noticed Natasha
  4628 | D:4      | Killed Natasha
  4780 | D:4      | Killed Sigmund
  4819 | D:4      | Noticed Natasha
  4873 | D:4      | Learned a level 5 spell: Lee's Rapid Deconstruction
  4874 | D:5      | Entered Level 5 of the Dungeon
  4910 | D:5      | Found a bloodstained altar of Trog.
  5125 | D:5      | Reached skill level 6 in Spellcasting
  5125 | D:5      | Reached XP level 8. HP: 38/41 MP: 7/17
  5437 | D:5      | Reached skill level 1 in Armour
  5517 | D:5      | Reached skill level 1 in Evocations
  6106 | D:6      | Noticed Rationalist's ghost (novice MiBe)
  6250 | D:6      | Found a sparkling altar of Nemelex Xobeh.
  6384 | D:6      | Reached skill level 1 in Fighting
  6596 | D:6      | Paralysed by an orc wizard for 6 turns
  6833 | D:6      | Noticed Blork the orc
  6835 | D:6      | Noticed Pikel
  6875 | D:5      | Killed Pikel
  6875 | D:5      | Reached skill level 7 in Spellcasting
  6875 | D:5      | Reached skill level 5 in Conjurations
  6875 | D:5      | Reached XP level 9. HP: 39/49 MP: 3/19
  7021 | D:6      | Killed Blork the orc
  7196 | D:6      | Found a staircase to the Ecumenical Temple.
  7203 | Temple   | Entered the Ecumenical Temple
  7220 | Temple   | Became a worshipper of Vehumet
  7431 | D:6      | Killed Rationalist's ghost
  7950 | D:7      | Noticed Nanban's ghost (novice DrFi)
  7987 | D:7      | Killed Nanban's ghost
  8204 | D:7      | Reached XP level 10. HP: 56/56 MP: 9/21
  8827 | D:8      | Reached * piety under Vehumet
  8827 | D:8      | Offered knowledge of Sting by Vehumet.
  8832 | D:8      | Learned a level 1 spell: Sting
  8890 | D:8      | Noticed Joseph
  8928 | D:7      | Reached skill level 8 in Spellcasting
  9335 | D:7      | Reached skill level 1 in Shields
  9529 | D:8      | Noticed mrath's ghost (novice GrEE)
  9914 | D:8      | Found a sparkling altar of Nemelex Xobeh.
 10454 | D:8      | Reached ** piety under Vehumet
 10494 | D:8      | Offered knowledge of Magic Dart by Vehumet.
 10890 | D:8      | Killed mrath's ghost
 10978 | D:8      | Reached skill level 5 in Armour
 11193 | D:8      | Killed Joseph
 11564 | D:9      | Noticed Prince Ribbit
 11576 | D:9      | Killed Prince Ribbit
 11577 | D:9      | Reached XP level 11. HP: 61/62 MP: 3/23
 12209 | D:9      | Found a snail-covered altar of Cheibriados.
 12462 | D:9      | Offered knowledge of Throw Frost by Vehumet.
 12623 | D:10     | Entered Level 10 of the Dungeon
 12734 | D:10     | Reached skill level 5 in Fighting
 12828 | D:10     | Found Toeck's Magic Scroll Emporium.
 12910 | D:10     | Bought a scroll of identify for 26 gold pieces
 12910 | D:10     | Bought a scroll of identify for 26 gold pieces
 12991 | D:10     | Reached *** piety under Vehumet
 12991 | D:10     | Reached skill level 9 in Spellcasting
 13312 | D:10     | Reached skill level 5 in Dodging
 13642 | D:9      | Offered knowledge of Olgreb's Toxic Radiance by Vehumet.
 13951 | D:10     | Found a staircase to the Orcish Mines.
 14421 | D:11     | Found Oghoffere's Gadget Emporium.
 14453 | D:11     | Reached **** piety under Vehumet
 14508 | D:11     | Offered knowledge of Airstrike by Vehumet.
 14658 | D:11     | Found a staircase to the Lair.
 14804 | D:11     | Found a frozen archway.
 14836 | IceCv    | Entered an ice cave
 14896 | IceCv    | Reached skill level 5 in Evocations
 15135 | IceCv    | Reached XP level 12. HP: 69/69 MP: 19/25
 15404 | IceCv    | Reached ***** piety under Vehumet
 15404 | IceCv    | Offered knowledge of Force Lance by Vehumet.
 15433 | IceCv    | Reached skill level 5 in Shields
 15477 | IceCv    | Reached skill level 10 in Spellcasting
 16028 | IceCv    | Noticed a death yak
 16152 | IceCv    | Slain by a death yak

Skill      XL: |  1  2  3  4  5  6  7  8  9 10 11 12 |
---------------+-------------------------------------+-----
Earth Magic    | 4 5 6 7 8 9 |  9.9
Spellcasting   | 3 4 5 6 7 8 9 10 | 10.2
Conjurations   | 1 2 3 4 5 6 7 |  7.6
Armour         | 2 4 5 6 |  6.7
Evocations     | 2 3 4 5 |  5.6
Dodging        | 2 3 4 5 |  5.6
Fighting       | 2 3 4 5 6 |  6.2
Shields        | 2 4 5 |  5.4
Stealth        | |  2.1
Transmutations | |  0.7

Action                   |  1- 3 |  4- 6 |  7- 9 | 10-12 || total
-------------------------+-------+-------+-------+-------++-------
Melee: Short sword       |    47 |       |       |       ||    47
       Mace              |    17 |    22 |       |       ||    39
       Long sword        |       |    22 |    16 |    14 ||    52
       Dagger            |       |       |       |   258 ||   258
       Flail             |       |       |       |    11 ||    11
       Staff             |       |       |       |     8 ||     8
 Fire: Blowgun           |       |     3 |     4 |       ||     7
Throw: Tomahawk          |       |       |       |     1 ||     1
 Cast: Sandblast         |    60 |    54 |   108 |    33 ||   255
       Stone Arrow       |       |     7 |   106 |   403 ||   516
       Lee's Rapid Decon |       |       |       |     4 ||     4
  Use: Scroll            |       |     5 |     6 |     8 ||    19
       Potion            |       |       |       |     1 ||     1
 Stab: Sleeping          |     1 |     1 |       |     2 ||     4
  Eat: Chunk             |     3 |     6 |    14 |    23 ||    46
       Beef jerky        |       |     1 |       |       ||     1
       Pizza             |       |       |     1 |       ||     1
       Fruit             |       |       |       |     3 ||     3
Armor: Robe              |    31 |    37 |    68 |    69 ||   205
       Leather armour    |       |       |       |   153 ||   153
Dodge: Dodged            |    69 |    75 |    95 |   348 ||   587
Block: Buckler           |       |       |       |   144 ||   144
